 Dungeon Crawl Stone Soup version 0.18-a0-1789-gbeff17f (webtiles) character file.

240 M4edhros the Insei (level 6, -2/36 HPs)
             Began as an Octopode Necromancer on Apr 21, 2016.
             Slain by Edmund
             ... wielding a +0 flail of protection
              (9 damage)
             ... on level 4 of the Dungeon.
             The game lasted 00:10:39 (2191 turns).

M4edhros the Insei (Octopode Necromancer)           Turns: 2191, Time: 00:10:41

Health: -2/36      AC:  1    Str:  7    XL:     6   Next: 8%
Magic:  0/9        EV: 12    Int: 18    God:
Gold:   79         SH:  0    Dex: 14    Spells: 2 memorised, 5 levels left

rFire  . . .     SeeInvis .       - Unarmed
rCold  . . .     Gourm    .     (no shield)
rNeg   . . .     Faith    .     (helmet restricted)
rPois  .         Spirit   .     (no amulet)
rElec  .         Dismiss  .     (no ring)
rCorr  .         Reflect  .     (no ring)
SustAt .         Harm     .     (no ring)
MR     .....                    (no ring)
Stlth  +++.......               (no ring)
                                (no ring)
                                (no ring)
                                (no ring)

@: very slightly contaminated, regenerating, not resistant to hostile
enchantments, fairly stealthy
A: almost no armour, amphibious, 8 rings, constrict 8, camouflage 1, gelatinous
body 1
a: no special abilities


You were on level 4 of the Dungeon.
You were hungry.

You visited 2 branches of the dungeon, and saw 5 of its levels.

You collected 79 gold pieces.

Inventory:

Hand Weapons
 s - a +0 hunting sling
Missiles
 j - 61 stones (quivered)
Jewellery
 i - an uncursed ring of ice
Scrolls
 c - a scroll of blinking {unknown}
 d - a scroll of immolation {unknown}
 e - a scroll of recharging {unknown}
 f - a scroll of magic mapping {unknown}
 k - 2 scrolls of identify {unknown}
 m - a scroll of fog {unknown}
 n - 2 scrolls of remove curse {unknown}
 q - a scroll of teleportation {unknown}
Potions
 g - 2 potions of curing
 l - a potion of degeneration {unknown}
 o - a potion of ambrosia {unknown}
 p - 2 potions of berserk rage {unknown}
 r - a potion of flight {unknown}
 t - a potion of brilliance {unknown}
Books
 a - a book of Necromancy

   Spells                             Type                      Level
   a - Pain                           Necromancy                   1
   b - Animate Skeleton               Necromancy                   1
   c - Vampiric Draining              Necromancy                   3
   d - Regeneration                   Charms/Necromancy            3
   e - Animate Dead                   Necromancy                   4
   f - Control Undead                 Necromancy                   4
Comestibles
 b - a bread ration
 h - a meat ration


   Skills:
 - Level 2.0 Dodging
 - Level 2.6 Stealth
 + Level 5.7 Unarmed Combat
 - Level 2.0 Spellcasting
 - Level 4.0 Necromancy


You had 5 spell levels left.
You knew the following spells:

 Your Spells              Type           Power        Failure   Level  Hunger
a - Pain                  Necr           ###.         3%          1    #......
b - Regeneration          Chrm/Necr      #.........   24%         3    ###....


Dungeon Overview and Level Annotations

Branches:
Dungeon (4/15)             Temple (1/1) D:4

Altars:
Ashenzari
Dithmenos
Fedhas
Gozag
Kikubaaqudgha
Makhleb
Okawaru
Pakellas
Qazlal
Ru
Xom
Zin
The Shining One

Annotations:
D:4 Edmund


Innate Abilities, Weirdness & Mutations

You cannot wear most types of armour.
You are amphibious.
You can wear up to eight rings at the same time.
You can use your tentacles to constrict eight enemies at once.
Your skin changes colour to match your surroundings (Stealth).
Your rubbery body absorbs attacks (AC +1).


Message History

Edmund is heavily wounded.
You constrict Edmund, but do no damage.
Unknown command.
You tentacle-slap Edmund.
Edmund is heavily wounded.
You constrict Edmund.
Edmund hits you with a flail of protection.
You tentacle-slap Edmund but do no damage.
You squeeze Edmund, but do no damage.
Edmund is heavily wounded.
You constrict Edmund, but do no damage.
Edmund hits you with a flail of protection!
* * * LOW HITPOINT WARNING * * *
Casting: Regeneration
Confirm with . or Enter, or press ? or * to list all spells.
Your skin crawls.
You are feeling hungry.
You constrict Edmund, but do no damage.
Edmund hits you with a flail of protection!
You die...

#>...............<...#
##...#.##########.####
#####.....# ####.#
#####.###....###
#.[........#
#....[.....#
#..........#
#.@........#
#########@#...######
#.........###.#####
#.................##
#.........###......#
#.........# #......#
#.........# #......#
#.........# #......###
#.........# #......<.#
#.........# #........#


You could see Edmund.

Vanquished Creatures
  A howler monkey (D:4)
  An orc priest (D:4)
  A worker ant (D:4)
  7 adders
  2 worms (D:4)
  3 giant geckos
  7 orcs
  A ball python (D:1)
  5 giant cockroaches
  4 goblins
  6 hobgoblins
  16 jackals
  2 quokkas
  6 bats
  A giant gecko zombie (D:3)
  3 giant newts
  A kobold (D:3)
  3 rats
70 creatures vanquished.

Notes
Turn   | Place    | Note
--------------------------------------------------------------
     0 | D:1      | M4edhros the Octopode Necromancer began the quest for the Orb.
     0 | D:1      | Reached XP level 1. HP: 11/11 MP: 3/3
    40 | D:1      | Reached skill level 1 in Unarmed Combat
   111 | D:2      | Reached XP level 2. HP: 5/17 MP: 1/5
   198 | D:1      | Reached skill level 2 in Unarmed Combat
   426 | D:2      | Reached XP level 3. HP: 3/21 MP: 0/6
   431 | D:2      | Learned a level 3 spell: Regeneration
   462 | D:2      | Found an iron altar of Okawaru.
   522 | D:2      | Reached skill level 3 in Unarmed Combat
   795 | D:3      | Reached XP level 4. HP: 27/27 MP: 5/7
   855 | D:4      | Reached skill level 4 in Unarmed Combat
  1015 | D:4      | Reached XP level 5. HP: 15/31 MP: 1/8
  1041 | D:4      | Reached skill level 5 in Unarmed Combat
  1095 | D:4      | Noticed Edmund
  1516 | D:4      | Reached XP level 6. HP: 31/36 MP: 6/9
  1543 | D:4      | Found a staircase to the Ecumenical Temple.
  1556 | Temple   | Entered the Ecumenical Temple
  2191 | D:4      | Slain by Edmund

Vault maps used:
D:1:      roderic_dead_forest
D:2:      okawaru_metal_pillars_1_2, uniq_sigmund
D:3:      kennysheep_slug_shrine, first_bread, hex_tiny
D:4:      temple_green, lexackson_kobold_supper, uniq_edmund, uniq_robin
Temple:   minmay_temple_forest_path_12

Skill      XL: |  1  2  3  4  5 |
---------------+----------------+-----
Unarmed Combat | 1 2 3 4 5 |  5.7
Dodging        | |  2.0
Stealth        | |  2.6
Spellcasting   | |  2.0
Necromancy     | |  4.0

Action                   |  1- 3 |  4- 6 || total
-------------------------+-------+-------++-------
Melee: Unarmed           |    28 |    95 ||   123
       Constrict         |     7 |    21 ||    28
       Tentacles         |     3 |    13 ||    16
       Punch             |       |     3 ||     3
 Cast: Pain              |    36 |    34 ||    70
       Regeneration      |     2 |    11 ||    13
  Use: Potion            |     3 |     2 ||     5
 Stab: Sleeping          |     3 |     2 ||     5
       Invisible         |     2 |       ||     2
  Eat: Chunk             |       |     5 ||     5
       Royal jelly       |       |     1 ||     1
Armor: Skin              |     3 |    18 ||    21
Dodge: Dodged            |    18 |    35 ||    53
